 Dungeon Crawl Stone Soup version 0.28-a0-479-g5baa6b73be (webtiles) character file.

Game seed: 18375393027478919977

1510 Gargoyl the Skirmisher (level 8, -2/100 HPs)
             Began as a Gnoll Abyssal Knight on Sept 18, 2021.
             Was a Priest of Lugonu.
             Succumbed to a killer bee's poison
             ... on level 6 of the Dungeon.
             The game lasted 00:07:42 (6707 turns).

Gargoyl the Skirmisher (Gnoll Abyssal Knight)       Turns: 6707, Time: 00:07:42

Health: -2/100     AC: 24    Str: 13    XL:     8   Next: 83%
Magic:  13/13      EV:  2    Int: 17    God:    Lugonu [***...]
Gold:   339        SH:  5    Dex: 13    Spells: 14/14 levels left

rFire   + . .      SeeInvis .   c - +2 war axe (elec)
rCold   . . .      Faith    .   s - +0 buckler
rNeg    + + +      Spirit   .   (armour currently unavailable)
rPois   +          Reflect  .   (helmet currently unavailable)
rElec   .          Harm     .   (cloak currently unavailable)
rCorr   .          Rampage  .   (gloves currently unavailable)
Will    .....      NoTele   +   (boots currently unavailable)
Stlth   ++........              (no amulet)
HPRegen 0.26/turn               j - ring of protection from fire
MPRegen 0.13/turn               t - +6 ring of intelligence

@: brilliant, lethally poisoned (-2 -> -17), tree-form
A: stationary, stasis, torment immunity, boosted hp, (fangs 1), strong nose,
distributed training, (antennae 1), MP-powered wands
a: Renounce Religion, Depart the Abyss, Bend Space, Banish


You were on level 6 of the Dungeon.
You worshipped Lugonu.
Lugonu was most pleased with you.
You were a tree.
You visited 1 branch of the dungeon, and saw 6 of its levels.
You visited the Abyss 1 time.
You also visited: Sewer.

You collected 339 gold pieces.

Inventory:

Hand Weapons
 a - a +1 hand axe
 c - a +2 war axe of electrocution (weapon)
Missiles
 w - 12 poisoned darts (quivered)
Armour
 h - a +0 plate armour (melded)
 s - a +0 buckler (worn)
 u - a +0 helmet
Jewellery
 f - an amulet of magic regeneration
 i - a ring of fire
 j - a ring of protection from fire (left branch)
 t - a +6 ring of intelligence (right branch)
 y - a +6 ring of intelligence
Wands
 k - a wand of paralysis (4)
 o - a wand of iceblast (2)
 q - a wand of flame (20)
 v - a wand of digging (3)
Scrolls
 m - a scroll of magic mapping
 r - a scroll of immolation
 z - 2 scrolls of teleportation
Potions
 b - 2 potions of haste
 d - a potion of might
 g - a potion of berserk rage
 n - 3 potions of flight
 x - a potion of resistance {unknown}


   Skills:
 + Level 7.5 Fighting
 + Level 3.6 Short Blades
 + Level 3.6 Long Blades
 + Level 5.9 Axes
 + Level 3.6 Maces & Flails
 + Level 3.6 Polearms
 + Level 3.6 Staves
 + Level 3.6 Slings
 + Level 3.6 Bows
 + Level 3.6 Crossbows
 + Level 3.6 Throwing
 + Level 5.9 Armour
 + Level 4.5 Dodging
 + Level 3.6 Stealth
 + Level 3.6 Shields
 + Level 3.6 Unarmed Combat
 + Level 3.6 Spellcasting
 + Level 3.0 Conjurations
 + Level 3.0 Hexes
 + Level 3.0 Summonings
 + Level 3.0 Necromancy
 + Level 3.0 Translocations
 + Level 3.0 Transmutations
 + Level 3.0 Fire Magic
 + Level 3.0 Ice Magic
 + Level 3.0 Air Magic
 + Level 3.0 Earth Magic
 + Level 3.0 Poison Magic
 + Level 6.1 Invocations
 + Level 3.6 Evocations


You had 14 spell levels left.
You didn't know any spells.
Your spell library contained the following spells:

 Spells                   Type           Power      Damage    Failure   Level
 Slow                     Hex            19%        N/A       8%          2
 Confusing Touch          Hex            19%        N/A       16%         3
 Gell's Gravitas          Tloc           9%         N/A       16%         3
 Lesser Beckoning         Tloc           19%        N/A       16%         3
 Stone Arrow              Conj/Erth      38%        3d9       16%         3
 Teleport Other           Tloc           19%        N/A       16%         3
 Animate Armour           Summ/Erth      38%        N/A       45%         4
 Dispel Undead            Necr           19%        3d11      45%         4
 Petrify                  Tmut/Erth      19%        N/A       45%         4
 Yara's Violent Unravell  Hex/Tmut       9%         3d6       80%         5
 Statue Form              Tmut/Erth      12%        N/A       100%        6
 Lehudib's Crystal Spear  Conj/Erth      9%         10d4      100%        8


Dungeon Overview and Level Annotations

Branches:
Dungeon (6/15)             Temple (0/1) D:6           Sewer (visited)

Altars:
Gozag
Xom


Innate Abilities, Weirdness & Mutations

You are a tree.
Your roots penetrate the ground, keeping you stationary.
You cannot be teleported.
You are immune to unholy pain and torment.
Your maximum health is greatly increased.
Your equipment is partially melded.
((You have very sharp teeth.))
Your uncanny sense of smell can sniff out nearby items.
Your experience applies equally to all skills.
((You have a pair of small antennae on your head.))
You expend magic power (3 MP) to strengthen your wands.


Message History

You slash the killer bee!
Lightning courses through the killer bee!
You kill the killer bee!
Lugonu accepts your kill.
You feel sick.
The killer bee stings you but does no damage.
The killer bee stings you.
* * * LOW HITPOINT WARNING * * *
You are more poisoned.
The killer bee poisons you!
Your Conjurations skill increases to level 3!
Your Hexes skill increases to level 3!
Your Summonings skill increases to level 3!
Your Necromancy skill increases to level 3!
Your Translocations skill increases to level 3!
Your Transmutations skill increases to level 3!
Your Fire Magic skill increases to level 3!
Your Ice Magic skill increases to level 3!
Your Air Magic skill increases to level 3!
Your Earth Magic skill increases to level 3!
Your Poison Magic skill increases to level 3!
You feel better. The killer bee stings you!
* * * LOW HITPOINT WARNING * * *
You are lethally poisoned!
The killer bee poisons you! The killer bee stings you.
* * * LOW HITPOINT WARNING * * *
Unknown command.
It was a potion of lignification.
You turn into a tree.
Your +0 plate armour melds into your body.
Your roots penetrate the ground.
* * * LOW HITPOINT WARNING * * *
You feel sick.
The killer bee stings you but does no damage.
The killer bee stings you.
* * * LOW HITPOINT WARNING * * *
You are more poisoned.
The killer bee poisons you!
It was a potion of brilliance.
You feel clever all of a sudden.
You die...

........##......#.....#.#
#.#
.....##.##......#.....#.#
#.#
....###.##......#.....#.#
#.# ....#
#.##......#######.# #.#
#...# #.####'#### #.#
#### #...# #.##.....# #.#
## ##'####..#.⌠.⌠.### #.#
.........+..>..'.#
....######.⌠.⌠.#♣# ....#
#.^...#y# ....#
###+###y## ....# #..#
....# #..........# ....#
#####......... ....#
#......... ..........
#..#..#...$


You could see 2 killer bees.

Vanquished Creatures
  Prince Ribbit (D:6)
  Eustachio (D:4)
  A necrophage (D:5)
  Blork the orc (D:4)
  2 scorpions (D:4)
  3 killer bees (D:6)
  A howler monkey (D:5)
  A centaur zombie (D:6)
  2 hounds (D:6)
  Ijyb (D:3)
  2 iguanas (D:5)
  2 hound skeletons
  5 gnolls
  2 river rats (D:3)
  6 adders
  3 ufetubi
  7 worms
  6 dart slugs
  4 orcs
  10 ball pythons
  15 bats
  10 endoplasms
  5 giant cockroaches
  11 goblins
  A hobgoblin (D:4)
  6 jackals
  2 quokkas
  2 frilled lizards
  6 kobolds
  8 rats
127 creatures vanquished.

Vanquished Creatures (collateral kills)
  A steam dragon (D:4)
  A gnoll shaman (D:6)
  2 gnolls (D:6)
4 creatures vanquished.

Vanquished Creatures (others)
  Edmund (D:4)
1 creature vanquished.

Grand Total: 132 creatures vanquished

Notes
Turn   | Place    | Note
-------+----------+-------------------------------------------
     0 | Abyss:1  | Gargoyl the Gnoll Abyssal Knight began the quest for the
                  | Orb.
     0 | Abyss:1  | Reached XP level 1. HP: 23/23 MP: 3/3
    73 | Abyss:1  | Noticed a small abomination
    88 | Abyss:1  | Noticed a thrashing horror
   142 | Abyss:2  | Noticed an ice devil
   142 | D:1      | Escaped the Abyss
   428 | D:1      | Reached XP level 2. HP: 29/29 MP: 5/5
   523 | D:1      | Reached * piety under Lugonu
   784 | D:1      | Reached XP level 3. HP: 35/35 MP: 6/6
  1559 | D:2      | Reached skill level 1 in Short Blades
  1559 | D:2      | Reached skill level 1 in Long Blades
  1559 | D:2      | Reached skill level 1 in Maces & Flails
  1559 | D:2      | Reached skill level 1 in Polearms
  1559 | D:2      | Reached skill level 1 in Staves
  1559 | D:2      | Reached skill level 1 in Slings
  1559 | D:2      | Reached skill level 1 in Bows
  1559 | D:2      | Reached skill level 1 in Crossbows
  1559 | D:2      | Reached skill level 1 in Throwing
  1559 | D:2      | Reached skill level 1 in Stealth
  1559 | D:2      | Reached skill level 1 in Shields
  1559 | D:2      | Reached skill level 1 in Unarmed Combat
  1559 | D:2      | Reached skill level 1 in Spellcasting
  1559 | D:2      | Reached skill level 1 in Evocations
  1599 | D:2      | Reached XP level 4. HP: 37/41 MP: 7/7
  1675 | D:2      | Reached ** piety under Lugonu
  1682 | D:2      | Found a faded altar of an unknown god.
  2168 | D:3      | Noticed Ijyb
  2175 | D:3      | Killed Ijyb
  2176 | D:3      | Reached skill level 1 in Conjurations
  2176 | D:3      | Reached skill level 1 in Hexes
  2176 | D:3      | Reached skill level 1 in Summonings
  2176 | D:3      | Reached skill level 1 in Necromancy
  2176 | D:3      | Reached skill level 1 in Translocations
  2176 | D:3      | Reached skill level 1 in Transmutations
  2176 | D:3      | Reached skill level 1 in Fire Magic
  2176 | D:3      | Reached skill level 1 in Ice Magic
  2176 | D:3      | Reached skill level 1 in Air Magic
  2176 | D:3      | Reached skill level 1 in Earth Magic
  2176 | D:3      | Reached skill level 1 in Poison Magic
  2354 | D:3      | Reached XP level 5. HP: 38/47 MP: 8/8
  2479 | D:3      | Got Lefuijae's Incunabulum of Transformation and Sinister
                  | Secrets
  2578 | D:3      | Found a glowing drain.
  2587 | Sewer    | Entered a sewer
  3367 | Sewer    | Gained mutation: You have a pair of small antennae on your
                  | head. [potion of mutation]
  3367 | Sewer    | Gained mutation: You expend magic power (3 MP) to
                  | strengthen your wands. [potion of mutation]
  3713 | D:4      | Reached skill level 5 in Invocations
  3713 | D:4      | Reached XP level 6. HP: 42/53 MP: 9/9
  3900 | D:4      | Reached *** piety under Lugonu
  3932 | D:4      | Noticed Eustachio
  3953 | D:4      | Killed Eustachio
  3954 | D:4      | Reached skill level 5 in Axes
  3954 | D:4      | Reached skill level 5 in Armour
  4219 | D:4      | Reached skill level 7 in Fighting
  4219 | D:4      | Reached XP level 7. HP: 45/60 MP: 10/10
  4416 | D:4      | Found a shimmering altar of Xom.
  4532 | D:4      | Noticed Edmund
  4532 | D:4      | Noticed Blork the orc
  4541 | D:4      | Killed Blork the orc
  4542 | D:4      | Noticed a steam dragon
  4556 | D:4      | Killed Edmund
  4558 | D:4      | Killed a steam dragon
  5131 | D:5      | Entered Level 5 of the Dungeon
  5332 | D:5      | Reached XP level 8. HP: 64/67 MP: 12/12
  5995 | D:6      | Found an opulent altar of Gozag.
  6452 | D:6      | Noticed Prince Ribbit
  6471 | D:6      | Killed Prince Ribbit
  6669 | D:6      | Found a staircase to the Ecumenical Temple.
  6704 | D:6      | HP: 3/67 [killer bee (4)]
  6706 | D:6      | HP: 1/100 [killer bee (2)]
  6707 | D:6      | Succumbed to a killer bee's poison

Illustrated notes

Levels and vault maps discovered:
D:1:      dpeg_arrival_ratfight, layout_loops_corners
D:2:      layout_basic, shapermc_ecumenical_altar_acropolis
D:3:      layout_basic, gup_sewer_entry_bubbles, minmay_misc_feat_ornament,
          uniq_ijyb
D:4:      layout_gridville, kennysheep_mini, uniq_edmund, uniq_blork_the_orc,
          uniq_eustachio
D:5:      layout_loops_ring
D:6:      layout_basic, nicolae_overflow_hidden_temple,
          gammafunk_temple_overflow_elements, minmay_temple_entry_hall,
          hangedman_decor_lopped, kennysheep_generic_room_5, uniq_prince_ribbit1

Skill      XL: |  1  2  3  4  5  6  7  8 |
---------------+-------------------------+-----
Short Blades   | 1 2 3 |  3.6
Long Blades    | 1 2 3 |  3.6
Maces & Flails | 1 2 3 |  3.6
Polearms       | 1 2 3 |  3.6
Staves         | 1 2 3 |  3.6
Slings         | 1 2 3 |  3.6
Bows           | 1 2 3 |  3.6
Crossbows      | 1 2 3 |  3.6
Throwing       | 1 2 3 |  3.6
Stealth        | 1 2 3 |  3.6
Shields        | 1 2 3 |  3.6
Unarmed Combat | 1 2 3 |  3.6
Spellcasting   | 1 2 3 |  3.6
Evocations     | 1 2 3 |  3.6
Conjurations   | 1 2 3 |  3.0
Hexes          | 1 2 3 |  3.0
Summonings     | 1 2 3 |  3.0
Necromancy     | 1 2 3 |  3.0
Translocations | 1 2 3 |  3.0
Transmutations | 1 2 3 |  3.0
Fire Magic     | 1 2 3 |  3.0
Ice Magic      | 1 2 3 |  3.0
Air Magic      | 1 2 3 |  3.0
Earth Magic    | 1 2 3 |  3.0
Poison Magic   | 1 2 3 |  3.0
Dodging        | 3 4 |  4.5
Invocations    | 5 6 |  6.1
Axes           | 5 |  5.9
Armour         | 5 |  5.9
Fighting       | 7 |  7.5

Action                   |  1- 3 |  4- 6 |  7- 9 || total
-------------------------+-------+-------+-------++-------
Melee: War axe           |    77 |   125 |   105 ||   307
       Bite              |     1 |     6 |     7 ||    14
Invok: Depart the Abyss  |     1 |       |       ||     1
Evoke: Wand              |       |     1 |     2 ||     3
  Use: Scroll            |     3 |     8 |     4 ||    15
       Potion            |       |     3 |     4 ||     7
 Stab: Paralysed         |       |     2 |       ||     2
Armor: Leather armour    |     8 |       |       ||     8
       Chain mail        |    33 |       |       ||    33
       Plate armour      |    11 |   168 |    97 ||   276
       Skin              |       |       |     1 ||     1
Dodge: Dodged            |    33 |    39 |    23 ||    95
Block: Buckler           |       |       |    17 ||    17

Table legend: (Time is in decaauts)
 A = Elapsed time spent in this place.
 B = Non-inter-level travel time spent in this place.
 C = Inter-level travel time spent in this place.
 D = Time resting spent in this place.
 E = Time spent auto-exploring this place.
 F = Levels seen in this place.
 G = Mean time per level.
                   A        B        C        D        E       F      G
               +--------+--------+--------+--------+--------+-----+--------+
         Total |   6920 |   6768 |    152 |    973 |   4542 |   9 |  768.9 |
       Dungeon |   5880 |   5728 |    152 |    666 |   4052 |   6 |  980.0 |
         Abyss |    145 |    145 |      0 |      0 |    112 |   2 |   72.5 |
         Sewer |    894 |    894 |      0 |    307 |    378 |   1 |  894.0 |
               +--------+--------+--------+--------+--------+-----+--------+

Top non-repeatable levels by time:
     D:4: 1445 daAuts
     D:1: 1180 daAuts
     D:3: 950 daAuts
   Sewer: 894 daAuts
     D:5: 864 daAuts
     D:6: 728 daAuts
     D:2: 711 daAuts
 Abyss:1: 100 daAuts
 Abyss:2: 45 daAuts
